 Dungeon Crawl Stone Soup version 0.23-a0-666-g28d4f2f0af (webtiles) character file.

51 Notair the Chopper (level 3, -4/31 HPs)
             Began as a Minotaur Gladiator on Jan 8, 2019.
             Slain by Sigmund
             ... wielding a +0 scythe
              (11 damage)
             ... on level 2 of the Dungeon.
             The game lasted 00:04:14 (1324 turns).

Notair the Chopper (Minotaur Gladiator)             Turns: 1324, Time: 00:04:15

Health: -4/31      AC:  8    Str: 18    XL:     3   Next: 57%
Magic:  2/2        EV:  8    Int:  6    God:
Gold:   44         SH:  0    Dex: 11    Spells: 2/2 levels left

rFire    . . .     SeeInvis .   a - +0 war axe
rCold    . . .     Gourm    .   (no shield)
rNeg     . . .     Faith    .   u - +0 chain mail
rPois    .         Spirit   .   c - +0 hat
rElec    .         Reflect  .   (no cloak)
rCorr    .         Harm     .   (no gloves)
MR       .....                  (no boots)
Stlth    ..........             (no amulet)
HPRegen  0.10/turn              (no ring)
MPRegen  0.08/turn              (no ring)

@: no status effects
A: retaliatory headbutt, horns 2
a: no special abilities


You were on level 2 of the Dungeon.
You were not hungry.

You visited 1 branch of the dungeon, and saw 2 of its levels.

You collected 44 gold pieces.

Inventory:

Hand Weapons
 a - a +0 war axe (weapon)
Missiles
 d - 3 throwing nets (quivered)
 n - 37 stones
 r - 15 sling bullets
Armour
 c - a +0 hat (worn)
 u - a +0 chain mail (worn)
Jewellery
 m - an uncursed ring of stealth {unknown}
Scrolls
 g - a scroll of random uselessness {unknown}
 h - a scroll of amnesia {unknown}
 i - 2 scrolls of identify {unknown}
 j - a scroll of remove curse {unknown}
 l - a scroll of teleportation {unknown}
 q - a scroll of immolation {unknown}
Potions
 b - a potion of might {unknown}
 e - 2 potions of berserk rage {unknown}
 k - a potion of lignification {unknown}
 o - a potion of heal wounds {unknown}
 s - 3 potions of curing {unknown}
Comestibles
 f - 3 rations
 t - 2 chunks of flesh


   Skills:
 + Level 3.0 Fighting
 * Level 4.5 Axes
 - Level 2.0 Throwing
 + Level 1.5 Armour
 + Level 3.7 Dodging


You had 2 spell levels left.
You didn't know any spells.
Your spell library was empty.

Dungeon Overview and Level Annotations

Branches:
Dungeon (2/15)

Altars:
Fedhas
Kikubaaqudgha

Annotations:
D:2 Sigmund


Innate Abilities, Weirdness & Mutations

You reflexively headbutt those who attack you in melee.
You have a pair of horns on your head.


Message History

You closely miss the orc wizard.
The orc wizard is lightly wounded.
You closely miss the orc.
Your chain mail prevents you from hitting something.
The orc wizard hits you but does no damage.
The orc hits you but does no damage.
The orc wizard gestures at you while chanting.
The puff of flame hits you! The orc hits you but does no damage.
You hear some strange, mumbled words.
A puff of flame appears from out of thin air!
The puff of flame hits you!
* * * LOW HITPOINT WARNING * * *
You hit the orc wizard but do no damage.
The orc wizard is lightly wounded.
You hit something but do no damage. You hit the orc but do no damage.
The orc wizard hits you but does no damage.
The orc wizard hits you with a cursed -1 dagger.
* * * LOW HITPOINT WARNING * * *
The orc closely misses you. Something hits you!
You die...

.........##
###.......#
##........#
..........# ######
##........###....#
#...............###
#......#######....#
##.....# ###
#.##.###
#.###.#####
#.@o...# #.#
#...+_+..{o#.###
#.###.###+###..# #
#.....# .# #..#
###.##..###.###.##
..#.###..........
#.#.# ###..######
#.#.#####..#
..........##


You could see an orc wizard and an orc.

Vanquished Creatures
  An adder (D:2)
  A worm (D:2)
  A dart slug (D:1)
  3 leopard geckos
  An orc (D:2)
  A ball python (D:1)
  2 bats
  3 goblins
  4 hobgoblins
  5 jackals
  A kobold (D:2)
  A quokka (D:2)
  3 frilled lizards
  3 rats (D:2)
30 creatures vanquished.

Notes
Turn   | Place    | Note
-------+----------+-------------------------------------------
     0 | D:1      | Notair the Minotaur Gladiator began the quest for the Orb.
     0 | D:1      | Reached XP level 1. HP: 18/18 MP: 0/0
   377 | D:1      | Reached XP level 2. HP: 25/25 MP: 1/1
   546 | D:1      | Reached skill level 4 in Axes
   664 | D:1      | Reached skill level 1 in Armour
   868 | D:2      | Reached XP level 3. HP: 30/30 MP: 2/2
  1205 | D:2      | Found a blossoming altar of Fedhas.
  1310 | D:2      | Found an ancient bone altar of Kikubaaqudgha.
  1314 | D:2      | Noticed Sigmund
  1324 | D:2      | Slain by Sigmund

Vault maps used:
D:1:      lightli_arrival_boilingwater
D:2:      fedhas_altar_3, lemuel_doored_altar, uniq_sigmund

Skill      XL: |  1  2  3 |
---------------+----------+-----
Axes           | 4 |  4.5
Armour         | 1 |  1.5
Fighting       | 3 |  3.0
Throwing       | |  2.0
Dodging        | |  3.7

Action                   || total
-------------------------++-------
Melee: War axe           ||    72
       Headbutt          ||    14
  Eat: Chunk             ||     1
Armor: Ring mail         ||    10
       Leather armour    ||     1
       Chain mail        ||     9
       Scale mail        ||     8
Dodge: Dodged            ||    49

Table legend:
 A = Non-vault XP
 B = Vault XP
 C = Vault XP percentage of total XP
 D = Non-vault monster count
 E = Vault monster count
 F = Vault count percentage of total count
                 A         B        C        D         E       F
            +---------+---------+-------+---------+---------+-------
      Total |      73 |       0 |   0.0 |      30 |       0 |   0.0
            +---------+---------+-------+---------+---------+-------
        D:1 |      27 |       0 |   0.0 |      13 |       0 |   0.0
        D:2 |      46 |       0 |   0.0 |      17 |       0 |   0.0
            +---------+---------+-------+---------+---------+-------
